[Event "Early-Titled-Tuesday-Blitz-September-26-2023"]
[Site "Chess.com"]
[Date "2023.09.26"]
[Round "5"]
[White "Manukyan_Artak"]
[Black "campochess"]
[Result "1-0"]
[WhiteElo "2408"]
[BlackElo "2197"]
[TimeControl "180+1"]
[EndTime "8:55:45 PDT"]
[Termination "Manukyan_Artak won by resignation"]

1. e4 c5 2. Nf3 Nc6 3. c3 Nf6 4. e5 Nd5 5. d4 cxd4 6. cxd4 d6 7.
Nc3 Nxc3 8. bxc3 e6 9. Bd3 Be7 10. O-O O-O 11. Qe2 f5 12. exf6 Bxf6 13. Bf4 Re8 14.
Rad1 Qa5 15. Bxd6 Qxc3 16. Be5 Qa5 17. Qe4 Bxe5 18. Qxh7+ Kf8 19. Bg6 Bf6 20. Qh8+ Ke7 21. Qxe8+ Kd6 22. Ne5 Rb8 23. Nc4+ 1-0

[Event "Early-Titled-Tuesday-Blitz-September-26-2023"]
[Site "Chess.com"]
[Date "2023.09.26"]
[Round "5"]
[White "DonkyDonkyDonkey"]
[Black "Shield12"]
[Result "0-1"]
[WhiteElo "2738"]
[BlackElo "2971"]
[TimeControl "180+1"]
[EndTime "8:55:46 PDT"]
[Termination "Shield12 won by resignation"]

1. e4 c5 2. Nf3 e6 3. d4 cxd4 4. Nxd4 Nc6 5. Nc3 Qc7 6. g3 a6 7. Bg2 Nf6 8. O-O Bc5 9. Nb3 Ba7 10. Bf4 Ne5 11. Qe2 d6 12. Rad1 O-O 13. Kh1 b5 14. Bg5 Bb7 15. Bxf6 gxf6 16. f4 Nc4 17. Qg4+ Kh8 18. Qh4 Qd8 19. Rf3 f5 20. Qh6 fxe4 21. Rff1 f5 22. Nd4 Qf6 23. Qxf6+ Rxf6 24. g4 Nxb2 25.
g5 Nxd1 26. gxf6 Bxd4 27. Nxd1 Bxf6 28. Ne3 d5 29. Rd1 d4 30. Nf1 Rc8 31. Rd2 Rc3 32. Ng3 e3 33. Re2 d3 0-1

[Event "Early-Titled-Tuesday-Blitz-September-26-2023"]
[Site "Chess.com"]
[Date "2023.09.26"]
[Round "5"]
[White "Mikasinski"]
[Black "SHIVACalypso"]
[Result "1-0"]
[WhiteElo "2702"]
[BlackElo "2497"]
[TimeControl "180+1"]
[EndTime "8:55:46 PDT"]
[Termination "Mikasinski won by resignation"]

1. e4 e6 2. d4 d5 3. Nc3 Nf6 4.
Bg5 Be7 5. e5 Nfd7 6. h4 h6 7.
Be3 a6 8. Qg4 Kf8 9. Rh3 h5 10.
Qf4 f5 11. Nf3 c5 12. O-O-O c4 13. Rg3 Kf7 14. Nxd5 exd5 15. Qxf5+ Kg8 16. Qe6+ Kf8 17. Ng5 Bxg5 18. Bxg5 Nf6 19. exf6 Bxe6 20. fxg7+ Kf7 21. Bxd8 Rxd8 22. Re1 Nc6 23. Be2 Bg4 24. Bxg4 hxg4 25. Rxg4 Rg8 26. Re3 Rxg7 27. Rf3+ Kg8 28. Rfg3 Rxg4 29.
Rxg4+ Kf7 30. c3 Rg8 31. Rxg8 Kxg8 32. Kd2 Kg7 33. Ke3 Kf6 34. Kf4 Ne7 35. h5 Nf5 36. g4 Ng7 37. g5+ Kf7 38. h6 Nh5+ 39. Kg4 Kg6 40. f4 1-0

[Event "Early-Titled-Tuesday-Blitz-September-26-2023"]
[Site "Chess.com"]
[Date "2023.09.26"]
[Round "5"]
[White "brm72"]
[Black "Rutricks"]
[Result "0-1"]
[WhiteElo "2538"]
[BlackElo "2696"]
[TimeControl "180+1"]
[EndTime "8:55:49 PDT"]
[Termination "Rutricks won by resignation"]

1. e4 g6 2. d4 Bg7 3. Nf3 c6 4. Be2 d5 5. Nc3 dxe4 6. Nxe4 Nf6 7. Nxf6+ exf6 8. O-O O-O 9. Re1 a5 10. Bf4 Na6 11. c3 Nc7 12. Qd2 Nd5 13. Bh6 Qd6 14. Bxg7 Kxg7 15. Bc4 Be6 16. h3 Rfe8 17. a4 Reb8 18. Qe2 Nf4 19. Qf1 Bd5 20. Bxd5 Qxd5 21. Nd2 b5 22. axb5 cxb5 23. g3 Ne6 24. Qg2 Qd7 25. Ne4 b4 26. Qf3 f5 27. Nd2 bxc3 28. bxc3 a4 29. Nc4 Qc7 30. Ne5 Ng5 31. Qg2 Qxc3 32.
Nc6 Nf3+ 33. Kh1 Qxc6 34. Rec1 Qe4 0-1

[Event "Early-Titled-Tuesday-Blitz-September-26-2023"]
[Site "Chess.com"]
[Date "2023.09.26"]
[Round "5"]
[White "hakanazeri2"]
[Black "Gerasimenyuk_Miha"]
[Result "1-0"]
[WhiteElo "2591"]
[BlackElo "2414"]
[TimeControl "180+1"]
[EndTime "8:55:49 PDT"]
[Termination "hakanazeri2 won by resignation"]

1. Nf3 d5 2. d4 c6 3. c4 Nf6 4. Nc3 Bg4 5. Ne5 Bh5 6. cxd5 Nxd5 7. Qb3 Nxc3 8. bxc3 Nd7 9. Nxd7 Qxd7 10. e4 e5 11. Be3 exd4 12. cxd4 a5 13. a3 a4 14. Qc2 Bd6 15.
Bd3 O-O 16. e5 Bc7 17. Bxh7+ Kh8 18. Bf5 Qe7 19. O-O f6 20. f4 fxe5 21. fxe5 c5 22. g4 cxd4 23. Bxd4 Bf7 24. Qc3 Rad8 25. Qh3+ 1-0

[Event "Early-Titled-Tuesday-Blitz-September-26-2023"]
[Site "Chess.com"]
[Date "2023.09.26"]
[Round "5"]
[White "C_K_G"]
[Black "Lion-Al-Messi"]
[Result "1-0"]
[WhiteElo "1913"]
[BlackElo "2645"]
[TimeControl "180+1"]
[EndTime "8:55:50 PDT"]
[Termination "C_K_G won by checkmate"]

1. e4 c5 2. Nf3 e6 3. d4 cxd4 4.
Nxd4 a6 5. Nc3 Qc7 6. Bd3 Nc6 7. Nb3 Nf6 8. O-O Be7 9. Be3 O-O 10. f4 d6 11. Qf3 b5 12. g4 h6 13. Rf2 b4 14.
Ne2 e5 15. f5 Nh7 16. Ng3 a5 17. Nh5 a4 18. Nd2 Ng5 19. Bxg5 Bxg5 20. Qg3 Nd4 21. h4 Bxd2 22. Rxd2 Qc5 23. Kh1 Bb7 24. g5 Nxf5 25.
Qh3 Qe3 26. Qxf5 Qxd2 27. Rg1 g6 28. Qf6 gxh5 29. gxh6+ Kh7 30. Qg7# 1-0

[Event "Early-Titled-Tuesday-Blitz-September-26-2023"]
[Site "Chess.com"]
[Date "2023.09.26"]
[Round "5"]
[White "jeetjain"]
[Black "DuleMudule"]
[Result "0-1"]
[WhiteElo "2591"]
[BlackElo "2772"]
[TimeControl "180+1"]
[EndTime "8:55:52 PDT"]
[Termination "DuleMudule won by resignation"]

1. d4 d5 2. Nf3 Bf5 3. Bf4 c5 4. c3 Nc6 5. e3 Qb6 6. Qc1 e6 7.
Nbd2 h6 8. Be2 Nf6 9. O-O Rc8 10.
dxc5 Bxc5 11. Nb3 Be7 12. Qd1 O-O 13. Nfd4 Bg6 14. Bd3 Ne4 15. Nxc6 bxc6 16. f3 e5 17.
fxe4 exf4 18. Qf3 fxe3 19. Kh1 dxe4 20. Bxe4 Bxe4 21. Qxe4 Rce8 22. Nd4 Bc5 23. Qg4 Bxd4 24. cxd4 e2 25. Rfe1 Qxb2 26. a4 Re6 27. h3 Rd8 28. Rac1 Qxd4 29. Qf3 Qd2 30. Rb1 Rde8 31. Rbc1 Rf6 32.
Qb3 Qxc1 0-1

[Event "Early-Titled-Tuesday-Blitz-September-26-2023"]
[Site "Chess.com"]
[Date "2023.09.26"]
[Round "5"]
[White "imdvb6307"]
[Black "nikitakhoroshev"]
[Result "0-1"]
[WhiteElo "2462"]
[BlackElo "2649"]
[TimeControl "180+1"]
[EndTime "8:55:52 PDT"]
[Termination "nikitakhoroshev won by resignation"]

1. d4 Nf6 2. Nf3 c5 3. c4 cxd4 4. Nxd4 e5 5. Nb5 d5 6. cxd5 Qa5+ 7. N5c3 b5 8. Qd3 b4 9. Qb5+ Qxb5 10. Nxb5 Kd7 11. a3 a6 12. axb4 Bxb4+ 13. Bd2 Nxd5 14. e4 Bxd2+ 15. Nxd2 Nb6 16. Nc3 Nc6 17. Nb3 Ke7 18. O-O-O Be6 19. Nc5 Nd4 20. Nxe6 fxe6 21. Bd3 Rhf8 22.
f3 a5 23. Nb5 Nb3+ 24. Kb1 Rac8 25. Bc2 Nc5 26. Rd2 Nc4 27. Re2 Rb8 28. Na3 Nxa3+ 29. Kc1 Nb5 0-1

[Event "Early-Titled-Tuesday-Blitz-September-26-2023"]
[Site "Chess.com"]
[Date "2023.09.26"]
[Round "5"]
[White "Qvalda"]
[Black "TheRigos"]
[Result "0-1"]
[WhiteElo "2369"]
[BlackElo "2578"]
[TimeControl "180+1"]
[EndTime "8:55:57 PDT"]
[Termination "TheRigos won by resignation"]

1. Nf3 d5 2. e3 Nf6 3. b3 g6 4. Bb2 Bg7 5. d4 O-O 6. Be2 c5 7.
O-O cxd4 8. Nxd4 b6 9. c4 Bb7 10. Nc3 dxc4 11. Bxc4 Nbd7 12. Qe2 a6 13. Rfd1 b5 14. Bd3 Qb6 15. Rac1 Rfd8 16. Bb1 Rac8 17. Nf3 Nc5 18. h3 b4 19. Na4 Nxa4 20. bxa4 a5 21. Rxc8 Rxc8 22. Nd4 Nd5 23. Be4 Nc3 24. Bxc3 Bxe4 25.
Ba1 Bd5 26. Nb3 Bc4 27. Qg4 Be6 28. Bd4 Bxg4 29. Bxb6 Bxd1 30. Nxa5 Bxa4 0-1

[Event "Early-Titled-Tuesday-Blitz-September-26-2023"]
[Site "Chess.com"]
[Date "2023.09.26"]
[Round "5"]
[White "Andrej2004"]
[Black "Vanina1989"]
[Result "0-1"]
[WhiteElo "2557"]
[BlackElo "2715"]
[TimeControl "180+1"]
[EndTime "8:55:59 PDT"]
[Termination "Vanina1989 won by resignation"]

1. Nf3 d5 2. g3 c6 3. b3 Bg4 4.
Bb2 Nd7 5. Bg2 Bxf3 6. exf3 e5 7. O-O Bd6 8. d4 Ne7 9. Re1 Qc7 10. dxe5 Bxe5 11. Bxe5 Nxe5 12. Qd4 f6 13. f4 Nf7 14. Qe3 Nd6 15. Nc3 Nf5 16. Qe6 Qd7 17. Qe2 Kf7 18. Qd3 Rad8 19. g4 Nh4 20. Bh3 g5 21. fxg5 fxg5 22. f4 Neg6 23. fxg5 Rhf8 24. Ne4 dxe4 25. Qxe4 Qd4+ 0-1

[Event "Early-Titled-Tuesday-Blitz-September-26-2023"]
[Site "Chess.com"]
[Date "2023.09.26"]
[Round "5"]
[White "chezzgirl04"]
[Black "Oleksandr_Bortnyk"]
[Result "0-1"]
[WhiteElo "2190"]
[BlackElo "3023"]
[TimeControl "180+1"]
[EndTime "8:56:02 PDT"]
[Termination "Oleksandr_Bortnyk won on time"]

1. e4 Nf6 2. e5 Nd5 3. d4 d6 4. c4 Nb6 5. exd6 exd6 6. Nc3 Be7 7.
Nf3 O-O 8. Bd3 Bg4 9. O-O Bf6 10. Be3 Nc6 11. c5 dxc5 12. dxc5 Nd7 13. Rc1 Nde5 14. Be2 Nxf3+ 15. Bxf3 Qxd1 16. Bxd1 Be6 17. Bf3 Rfd8 18. a3 a6 19. b4 Rab8 20. Ne4 Bb2 21. Rb1 Bxa3 22.
Ng5 Bf5 23. Rb3 Bxb4 24. Bf4 Rd7 25. g4 Bg6 26. h4 h6 27. Nh3 a5 28. h5 Bh7 29. g5 Nd4 30. Re3 Nxf3+ 31. Rxf3 Bxc5 32. gxh6 gxh6 33. Rg3+ Kf8 34. Bxh6+ Ke7 35. Re1+ Kd6 36.
Rc3 b6 37. Be3 Rg8+ 38. Kf1 Bxe3 39. Rd1+ Ke7 40. Rxe3+ Kd8 41. Rde1 Bf5 42. Nf4 a4 43. h6 c5 44. f3 Rd4 45. Nh5 Bh3+ 46. Kf2 Rg2+ 47.
Kf1 Rg5+ 48. Kf2 Rd2+ 49. R1e2 Rxe2+ 50. Rxe2 Rxh5 0-1

[Event "Early-Titled-Tuesday-Blitz-September-26-2023"]
[Site "Chess.com"]
[Date "2023.09.26"]
[Round "5"]
[White "SharapovEvgeny"]
[Black "Balla_Tamas"]
[Result "1-0"]
[WhiteElo "2603"]
[BlackElo "2421"]
[TimeControl "180+1"]
[EndTime "8:56:03 PDT"]
[Termination "SharapovEvgeny won by resignation"]

1. e4 c5 2. Nf3 Nc6 3. d4 cxd4 4.
Nxd4 e5 5. Nb5 d6 6. N1c3 a6 7. Na3 b5 8. Nd5 Nge7 9. c4 Nxd5 10. cxd5 Nd4 11. Bd3 g6 12. O-O Bg7 13. Nc2 Bd7 14. Nxd4 exd4 15. Bf4 Be5 16. Bxe5 dxe5 17. f4 f6 18.
fxe5 fxe5 19. Qf3 Qe7 20. d6 Qxd6 21. Qf7+ Kd8 22. Qg7 Kc7 23. Rf6 Qc5 24. Rf7 Rad8 25. Qh6 Kb8 26. Rc1 Qb4 27. Qg7 Qd2 28. Qxe5+ Ka8 29.
Rc7 Qe1+ 30. Bf1 Qe3+ 31. Kh1 d3 32. Qd5+ 1-0

[Event "Early-Titled-Tuesday-Blitz-September-26-2023"]
[Site "Chess.com"]
[Date "2023.09.26"]
[Round "5"]
[White "amelia91"]
[Black "LileKoridze"]
[Result "1-0"]
[WhiteElo "2152"]
[BlackElo "2355"]
[TimeControl "180+1"]
[EndTime "8:56:04 PDT"]
[Termination "amelia91 won by resignation"]

1. d4 Nf6 2. Bf4 d5 3. e3 e6 4. Nf3 c6 5. Bd3 Bd6 6. Ne5 O-O 7. Nd2 Qc7 8. Bg3 c5 9. c3 a6 10. f4 b5 11. O-O Bb7 12. Qf3 Nbd7 13. Bh4 b4 14.
cxb4 cxb4 15. g4 Rfc8 16. g5 Ne8 17. Bxh7+ Kxh7 18. Qh5+ Kg8 19. Qxf7+ Kh7 20. Nxd7 Bc6 21. Qh5+ Kg8 22. g6 Nf6 23. Nxf6+ gxf6 24. Bxf6 1-0

[Event "Early-Titled-Tuesday-Blitz-September-26-2023"]
[Site "Chess.com"]
[Date "2023.09.26"]
[Round "5"]
[White "GG91"]
[Black "viktorgen2021"]
[Result "1-0"]
[WhiteElo "2256"]
[BlackElo "2454"]
[TimeControl "180+1"]
[EndTime "8:56:07 PDT"]
[Termination "GG91 won by resignation"]

1. d4 Nf6 2. Nf3 g6 3. e3 Bg7 4. Bd3 O-O 5. O-O d6 6. b3 b6 7. Bb2 Bb7 8. Nbd2 Nbd7 9. c4 c5 10. Re1 d5 11. Rc1 e6 12. Ne5 Nxe5 13. dxe5 Nd7 14. f4 f6 15. exf6 Bxf6 16. Bxf6 Qxf6 17. Nf3 e5 18. cxd5 exf4 19. e4 Ne5 20. Bc4 g5 21. Nxe5 Qxe5 22. Qg4 Kg7 23. Rcd1 f3 24. gxf3 Rf4 25. Qd7+ Rf7 26. Qg4 h5 27. Qg3 Rf4 28. d6 Raf8 29. d7 Qf6 30. Re3 Kh6 31. e5 Qe7 32. e6 Rxf3 33. Rxf3 Bxf3 34. d8=Q Rxd8 35. Rxd8 1-0

[Event "Early-Titled-Tuesday-Blitz-September-26-2023"]
[Site "Chess.com"]
[Date "2023.09.26"]
[Round "5"]
[White "Jagerrmeisterr"]
[Black "whitemirrorninja"]
[Result "1-0"]
[WhiteElo "2684"]
[BlackElo "2476"]
[TimeControl "180+1"]
[EndTime "8:56:09 PDT"]
[Termination "Jagerrmeisterr won by resignation"]

1. e4 c5 2. Nc3 e6 3. f4 Nc6 4. Nf3 a6 5. g3 b5 6. Bg2 Bb7 7. O-O Nf6 8. e5 Nd5 9. Nxd5 exd5 10. c3 d6 11. d4 cxd4 12. cxd4 dxe5 13. fxe5 Be7 14. h4 O-O 15. h5 f6 16. h6 g6 17.
Be3 fxe5 18. dxe5 Na5 19. b3 Rc8 20. Qd2 Nc6 21. Rad1 Nb8 22. Bh3 Rc7 23. Be6+ Kh8 24.
Ng5 d4 25. Qxd4 Bxg5 26. Bxg5 Rxf1+ 27. Kxf1 1-0

[Event "Early-Titled-Tuesday-Blitz-September-26-2023"]
[Site "Chess.com"]
[Date "2023.09.26"]
[Round "5"]
[White "infinitegiantkiller"]
[Black "GianmarcoVaR"]
[Result "0-1"]
[WhiteElo "2441"]
[BlackElo "2610"]
[TimeControl "180+1"]
[EndTime "8:56:10 PDT"]
[Termination "GianmarcoVaR won by resignation"]

1. Nf3 Nf6 2. g3 d5 3. Bg2 c6 4.
O-O Bg4 5. b3 Nbd7 6. Bb2 e6 7.
d4 Be7 8. Nbd2 O-O 9. c4 h6 10. Rc1 Bf5 11. Re1 Ne4 12. Nxe4 Bxe4 13. Nd2 Bxg2 14.
Kxg2 f5 15. Qc2 Nf6 16. f3 Qe8 17. Rf1 Qh5 18. Rce1 Rf7 19. e4 fxe4 20. fxe4 Raf8 21. Qd3 Ng4 22. h3 Rf2+ 23. Rxf2 Rxf2+ 24. Kg1 Qxh3 0-1

[Event "Early-Titled-Tuesday-Blitz-September-26-2023"]
[Site "Chess.com"]
[Date "2023.09.26"]
[Round "5"]
[White "Alina_Gumerovna"]
[Black "Mesa_1"]
[Result "0-1"]
[WhiteElo "2159"]
[BlackElo "2669"]
[TimeControl "180+1"]
[EndTime "8:56:13 PDT"]
[Termination "Mesa_1 won by checkmate"]

1. e4 e5 2. Nf3 Nc6 3. Bc4 Nf6 4. d3 Bc5 5. O-O d6 6. c3 a6 7. a4 Ba7 8. h3 h6 9. Be3 g5 10. Bxa7 Rxa7 11. Nh2 h5 12. d4 g4 13. dxe5 Nxe5 14. Qe2 gxh3 15. f4 hxg2 16. Re1 Nxc4 17. Qxc4 Ng4 18.
Qd4 Qh4 19. Qxh8+ Ke7 20. Nxg4 Qh1+ 21. Kf2 Qxe1+ 22. Kxe1 g1=Q+ 23. Kd2 Bxg4 24. Qd4 Qd1+ 25. Ke3 Qe2# 0-1

[Event "Early-Titled-Tuesday-Blitz-September-26-2023"]
[Site "Chess.com"]
[Date "2023.09.26"]
[Round "5"]
[White "Herman-NY"]
[Black "Flopezin"]
[Result "1-0"]
[WhiteElo "2491"]
[BlackElo "2314"]
[TimeControl "180+1"]
[EndTime "8:56:15 PDT"]
[Termination "Herman-NY won by checkmate"]

1. e4 e5 2. Nf3 Nc6 3. Bb5 a6 4. Ba4 Nf6 5. O-O Bc5 6. d3 b5 7. Bb3 d6 8. c3 O-O 9. Bg5 h6 10. Bh4 g5 11. Bg3 Nh7 12. d4 Bb6 13. Bd5 Bd7 14.
dxe5 dxe5 15. Nxe5 Nxe5 16. Bxe5 c6 17. Bb3 Be6 18. Bxe6 fxe6 19. Qh5 Rxf2 20. Rxf2 Bxf2+ 21. Kxf2 Qf8+ 22. Ke2 Rd8 23. Qg6+ Qg7 24. Qxg7# 1-0

[Event "Early-Titled-Tuesday-Blitz-September-26-2023"]
[Site "Chess.com"]
[Date "2023.09.26"]
[Round "5"]
[White "Caroexpert"]
[Black "Aanna12"]
[Result "1-0"]
[WhiteElo "2440"]
[BlackElo "2094"]
[TimeControl "180+1"]
[EndTime "8:56:20 PDT"]
[Termination "Caroexpert won on time"]

1. Nf3 Nf6 2. c4 d6 3. d4 Nbd7 4. Nc3 e5 5. e4 Be7 6. Be2 O-O 7. O-O c6 8. Re1 Re8 9. Bf1 Qc7 10. b3 exd4 11. Nxd4 Nc5 12. Bf4 Nfd7 13. Nf5 Ne5 14. Nxe7+ Qxe7 15. Qd2 Be6 16. Rad1 Rad8 17. f3 a5 18. Qf2 Bc8 19. Be3 h6 20. Rd2 Ng6 21. Red1 b6 22. Qg3 Ne5 23. Bxh6 Ng6 24. Bg5 f6 25. Be3 Ne5 26. h3 1-0

[Event "Early-Titled-Tuesday-Blitz-September-26-2023"]
[Site "Chess.com"]
[Date "2023.09.26"]
[Round "5"]
[White "draksbg"]
[Black "MasterKroket"]
[Result "0-1"]
[WhiteElo "2644"]
[BlackElo "2431"]
[TimeControl "180+1"]
[EndTime "8:56:21 PDT"]
[Termination "MasterKroket won by checkmate"]

1. e4 e5 2. Nf3 Nc6 3. Bc4 Bc5 4. c3 Nf6 5. d4 exd4 6. cxd4 Bb4+ 7. Bd2 Bxd2+ 8.
Nbxd2 d5 9. exd5 Nxd5 10. Qb3 Nce7 11. O-O O-O 12. Rfe1 c6 13. Qa3 Ng6 14. Ne4 Nb6 15. Bb3 Bg4 16. Ne5 Nxe5 17. dxe5 Qd4 18. Nd6 c5 19. Rad1 Bxd1 20. Bxd1 Nc4 21. Nxc4 Qxc4 22. Bb3 Qb4 23. Qxb4 cxb4 24. f4 Rad8 25. Re2 g6 26. Kf2 Kg7 27. Ke3 Rd7 28. Rc2 Rfd8 29. g3 Rd3+ 30.
Ke2 b5 31. Rc7 R8d7 32. Rc5 Rd2+ 33. Ke3 a6 34. h4 f5 35. e6 R7d3# 0-1

[Event "Early-Titled-Tuesday-Blitz-September-26-2023"]
[Site "Chess.com"]
[Date "2023.09.26"]
[Round "5"]
[White "KatakuriDono"]
[Black "Yurasova_Daria"]
[Result "0-1"]
[WhiteElo "2318"]
[BlackElo "2493"]
[TimeControl "180+1"]
[EndTime "8:56:24 PDT"]
[Termination "Yurasova_Daria won by resignation"]

1. d4 d5 2. c4 dxc4 3. e4 Nf6 4. e5 Nd5 5. Bxc4 Bf5 6. Qb3 c6 7. Nf3 e6 8. O-O Be7 9. Nc3 O-O 10. Rd1 Qb6 11. h3 Nd7 12. Bg5 Bxg5 13. Nxg5 h6 14.
Nge4 Qd8 15. Nd6 Bxh3 16. Nxd5 cxd5 17. Qxh3 dxc4 18. Nxc4 Nb6 19. Nd6 Qd7 20. Rac1 Nd5 21. Qg3 Ne7 22. Rc5 b6 23. Rc4 Rad8 24. Rdc1 Nf5 25.
Nxf5 exf5 26. Qf4 Qe6 27. Rc7 Qxa2 28. Qxf5 Qxb2 29. R1c2 Qxd4 30. R2c4 Qd1+ 31. Kh2 Rd4 32. Rxd4 Qxd4 33. e6 Qd6+ 0-1

[Event "Early-Titled-Tuesday-Blitz-September-26-2023"]
[Site "Chess.com"]
[Date "2023.09.26"]
[Round "5"]
[White "zozik"]
[Black "DonJuanEGenaro"]
[Result "0-1"]
[WhiteElo "2332"]
[BlackElo "1873"]
[TimeControl "180+1"]
[EndTime "8:56:24 PDT"]
[Termination "DonJuanEGenaro won by resignation"]

1. d4 Nf6 2. Nf3 d6 3. g3 c6 4. Bg2 Nbd7 5. O-O e5 6. c4 Be7 7.
Nc3 O-O 8. b3 a5 9. Bb2 exd4 10.
Qxd4 Nc5 11. Ng5 Bf5 12. Rad1 h6 13. Nge4 Ncxe4 14. Nxe4 d5 15. cxd5 cxd5 16. Nc5 Qb6 17. e4 Bxc5 18. Qe5 Bg4 19. Rxd5 Rfe8 20. Qf4 Nxd5 21. Qxg4 Bd4 22. Bxd4 Qxd4 23. Qd7 Rad8 24. Qxb7 Nc3 25. a4 Rb8 26. Qa7 Rxb3 27. Qxd4 Ne2+ 28.
Kh1 Nxd4 29. Rd1 Rb4 30. f4 Reb8 31. h4 Rb1 32. Rxb1 Rxb1+ 33. Kh2 Ra1 0-1

[Event "Early-Titled-Tuesday-Blitz-September-26-2023"]
[Site "Chess.com"]
[Date "2023.09.26"]
[Round "5"]
[White "Zhani-Z"]
[Black "Smile2005"]
[Result "0-1"]
[WhiteElo "2211"]
[BlackElo "2418"]
[TimeControl "180+1"]
[EndTime "8:56:29 PDT"]
[Termination "Smile2005 won on time"]

1. e4 c5 2. Nf3 e6 3. c3 a6 4. d4 cxd4 5. cxd4 d5 6. Nc3 dxe4 7. Nxe4 Nc6 8. Be3 Bb4+ 9. Nc3 Nf6 10. Bd3 Nd5 11. Bd2 O-O 12. O-O h6 13. Re1 Be7 14.
Qc1 Bf6 15. Bxh6 Nxd4 16. Nxd4 Bxd4 17. Re4 Bxf2+ 18. Kh1 f5 19. Re2 Nxc3 20. Qxc3 Bd4 21. Qd2 gxh6 22. Rf1 Bg7 23. Rf3 Qg5 24. Qc2 b5 25. Rg3 Qf6 26. Qc6 Ra7 27. Qc5 Rd7 28. Bc2 Bb7 29. Bb3 Bd5 0-1

[Event "Early-Titled-Tuesday-Blitz-September-26-2023"]
[Site "Chess.com"]
[Date "2023.09.26"]
[Round "5"]
[White "ferdipy"]
[Black "twofoxniel"]
[Result "1-0"]
[WhiteElo "2315"]
[BlackElo "2670"]
[TimeControl "180+1"]
[EndTime "8:56:31 PDT"]
[Termination "ferdipy won by resignation"]

1. e4 d5 2. exd5 Nf6 3. d4 Bg4 4. Nf3 Qxd5 5. Be2 Nc6 6. c4 Qf5 7. Nc3 O-O-O 8. Be3 e5 9. d5 e4 10. Nd4 Nxd4 11. Qxd4 b6 12. Bxg4 Qxg4 13. O-O Bd6 14. h3 Qf5 15. Nb5 Kb7 16. Nxd6+ cxd6 17. a4 Nd7 18. a5 Qe5 19. Qd2 Rc8 20. Rfc1 g5 21. Bd4 Qf5 22. Bxh8 Rxh8 23. axb6 axb6 24. b4 g4 25.
hxg4 Qxg4 26. c5 dxc5 27. bxc5 Nxc5 28. Rxc5 bxc5 29. Qb2+ Kc7 30. Qxh8 1-0

[Event "Early-Titled-Tuesday-Blitz-September-26-2023"]
[Site "Chess.com"]
[Date "2023.09.26"]
[Round "5"]
[White "TomLiu777"]
[Black "Alenzer"]
[Result "1/2-1/2"]
[WhiteElo "2357"]
[BlackElo "2110"]
[TimeControl "180+1"]
[EndTime "8:56:31 PDT"]
[Termination "Game drawn by repetition"]

1. e4 c5 2. Nf3 e6 3. Nc3 Nc6 4. Bb5 Nd4 5. Be2 Nxe2 6. Qxe2 a6 7. O-O d6 8. d4 cxd4 9. Nxd4 Be7 10. Be3 Nf6 11.
Rad1 Qc7 12. f4 b5 13. e5 Nd5 14. Nxd5 exd5 15. exd6 Qxd6 16. f5 O-O 17. Bf4 Qb6 18.
Qxe7 Bxf5 19. Kh1 Bg6 20. Rfe1 h6 21. Qe3 Rfe8 22. Qxe8+ Rxe8 23. Rxe8+ Kh7 24. c3 Qf6 25. Be5 Qf2 26. Bg3 Qxb2 27. Rde1 Be4 28. Nf3 Qxc3 29. Rf1 Qd3 30. Rg1 a5 31. Be5 b4 32. Re7 Kg8 33. Re8+ Kh7 34. Re7 Kg8 35. Re8+ Kh7 1/2-1/2

[Event "Early-Titled-Tuesday-Blitz-September-26-2023"]
[Site "Chess.com"]
[Date "2023.09.26"]
[Round "5"]
[White "marcodobrikov"]
[Black "Hrant_ChessMood"]
[Result "0-1"]
[WhiteElo "2640"]
[BlackElo "2909"]
[TimeControl "180+1"]
[EndTime "8:56:36 PDT"]
[Termination "Hrant_ChessMood won by checkmate"]

1. d4 Nf6 2. Nc3 g6 3. e4 d6 4. f3 Bg7 5. Be3 c6 6. Qd2 Nbd7 7. O-O-O h5 8. h4 b5 9. Nh3 Qa5 10. Kb1 b4 11. Ne2 Ba6 12. Ng5 Rb8 13. Nf4 Bxf1 14. Rhxf1 Nh7 15. Ngh3 Nhf8 16. Ng5 Nh7 17. Ngh3 c5 18.
dxc5 Nxc5 19. Bd4 Nf6 20. Nd5 Nxd5 21. exd5 Na4 22. Ka1 Nc3 23. bxc3 bxc3 24. Qe2 Bxd4 25. Rxd4 Qb6 26. a4 Qb2# 0-1

[Event "Early-Titled-Tuesday-Blitz-September-26-2023"]
[Site "Chess.com"]
[Date "2023.09.26"]
[Round "5"]
[White "Zavgorodniy_Sergiy"]
[Black "ajedrezhoy"]
[Result "1-0"]
[WhiteElo "2588"]
[BlackElo "2390"]
[TimeControl "180+1"]
[EndTime "8:56:36 PDT"]
[Termination "Zavgorodniy_Sergiy won by resignation"]

1. e4 Nf6 2. d3 e5 3. Nf3 Nc6 4. Be2 d5 5. exd5 Qxd5 6. Nc3 Bb4 7. Bd2 Bxc3 8. Bxc3 Bg4 9. O-O O-O-O 10. Nd2 Bxe2 11. Qxe2 Rhe8 12. Ne4 Nxe4 13. dxe4 Qe6 14. Rfd1 Kb8 15. h3 f6 16. a4 Rxd1+ 17. Rxd1 Rd8 18. Rxd8+ Nxd8 19. Qh5 h6 20. Qg6 Qe7 21. a5 a6 22.
Bd2 Ne6 23. Be3 Kc8 24. Qh7 Qf8 25. c3 Kd7 26. b4 c6 27. h4 Qe7 28. g3 Nf8 29.
Qg8 Ne6 30. Qb8 Nd8 31. Bb6 Ke8 32. Bxd8 Qxd8 33. Qxb7 Qd1+ 34. Kg2 Qd3 35. Qxc6+ Kf8 36. b5 axb5 37. a6 1-0

[Event "Early-Titled-Tuesday-Blitz-September-26-2023"]
[Site "Chess.com"]
[Date "2023.09.26"]
[Round "5"]
[White "Makswolf200817"]
[Black "tandaleo"]
[Result "0-1"]
[WhiteElo "2725"]
[BlackElo "2525"]
[TimeControl "180+1"]
[EndTime "8:56:38 PDT"]
[Termination "tandaleo won by checkmate"]

1. e4 Nc6 2. Nf3 d6 3. d4 Nf6 4. Nc3 Bg4 5. Be3 g6 6. h3 Bxf3 7. Qxf3 Bg7 8. g4 e5 9. d5 Nd4 10. Qd1 Nd7 11. Bg2 O-O 12. Ne2 f5 13. Bxd4 exd4 14.
Nf4 fxe4 15. Ne6 Qh4 16. Nxf8 Rxf8 17. O-O Ne5 18. Bxe4 Qxh3 19. f3 d3 20. c3 Bh6 21.
Qe1 Nxg4 22. Bf5 Qh2# 0-1

[Event "Early-Titled-Tuesday-Blitz-September-26-2023"]
[Site "Chess.com"]
[Date "2023.09.26"]
[Round "5"]
[White "Der_Balak_3Halak"]
[Black "CixPer1968"]
[Result "1-0"]
[WhiteElo "2383"]
[BlackElo "2205"]
[TimeControl "180+1"]
[EndTime "8:56:43 PDT"]
[Termination "Der_Balak_3Halak won by checkmate"]

1. d4 Nf6 2. c4 e6 3. f3 d5 4. Nc3 Be7 5. e4 O-O 6. e5 Ne8 7.
Be3 b6 8. cxd5 exd5 9. Bd3 Bb7 10. Nge2 c5 11. h4 Nc6 12. Qc2 h6 13. Qd2 h5 14.
O-O-O Rc8 15. g4 hxg4 16. Rdg1 Nb4 17. Bb1 cxd4 18. Nxd4 g3 19. Rxg3 Qc7 20. a3 Nc6 21.
Qd3 g6 22. Rxg6+ Kh8 23. Rh6+ Kg8 24. Qh7# 1-0

[Event "Early-Titled-Tuesday-Blitz-September-26-2023"]
[Site "Chess.com"]
[Date "2023.09.26"]
[Round "5"]
[White "InitiatingASC"]
[Black "azikom"]
[Result "0-1"]
[WhiteElo "2340"]
[BlackElo "2631"]
[TimeControl "180+1"]
[EndTime "8:56:47 PDT"]
[Termination "azikom won by resignation"]

1. d4 d5 2. c4 e6 3. Nc3 c6 4.
Nf3 dxc4 5. e3 b5 6. a4 Bb4 7. Bd2 Bb7 8. axb5 Bxc3 9. Bxc3 cxb5 10. b3 a5 11. bxc4 b4 12. Bb2 Nf6 13. Bd3 O-O 14. O-O Nbd7 15. Qc2 Qc7 16. Nd2 Ng4 17. Bxh7+ Kh8 18.
g3 f5 19. Bg6 Rf6 20. Bh5 Nxh2 21. d5 Rh6 22. Qd1 Nc5 23. Kxh2 Qf7 24. Bd4 Rxh5+ 25.
Kg2 Nd3 26. Qxh5+ Qxh5 27. Rh1 Qxh1+ 28. Rxh1+ Kg8 29. Ra1 exd5 30. c5 a4 31. Kf1 b3 32.
Ke2 Nb4 33. Ra3 Nc2 0-1